 Dungeon Crawl Stone Soup version 0.28.0-45-g0d030f2227 (webtiles) character file.

Game seed: 16554354041075659188

122 sanboga the Ruffian (level 4, -4/67 HPs)
             Began as a Troll Berserker on Apr 4, 2022.
             Was a Believer of Trog.
             Slain by Sigmund
             ... wielding a +0 scythe
              (11 damage)
             ... on level 3 of the Dungeon.
             The game lasted 00:01:52 (1324 turns).

sanboga the Ruffian (Troll Berserker)               Turns: 1324, Time: 00:01:52

Health: -4/67      AC:  4    Str: 27    XL:     4   Next: 78%
Magic:  3/3        EV: 10    Int:  3    God:    Trog [**....]
Gold:   102        SH:  0    Dex:  9    Spells: 3/3 levels left

rFire   . . .      SeeInvis .     - Unarmed
rCold   . . .      Faith    .   (no shield)
rNeg    . . .      Spirit   .   a - +0 animal skin
rPois   .          Reflect  .   (helmet restricted)
rElec   .          Harm     .   (no cloak)
rCorr   .          Rampage  .   (gloves unavailable)
Will    .....                   (boots unavailable)
Stlth   ..........              (no amulet)
HPRegen 1.01/turn               (no ring)
MPRegen 0.08/turn               (no ring)

@: berserking, very quick
A: large, unfitting armour, claws 3, regeneration 1, shaggy fur 1, tough skin 1
a: Renounce Religion, Berserk, Trog's Hand


You were on level 3 of the Dungeon.
You worshipped Trog.
Trog was pleased with you.
You visited 1 branch of the dungeon, and saw 3 of its levels.

You collected 102 gold pieces.

Inventory:

Armour
 a - a +0 animal skin (worn)
Scrolls
 b - a scroll of noise {unknown}
 c - a scroll of fog {unknown}
 d - a scroll of teleportation {unknown}
 g - a scroll of magic mapping {unknown}
 h - a scroll of summoning {unknown}
Potions
 e - a potion of lignification {unknown}
 f - a potion of brilliance {unknown}
 i - a potion of heal wounds {unknown}
 k - 2 potions of curing {unknown}
 l - a potion of berserk rage {unknown}


   Skills:
 + Level 3.0 Fighting
 + Level 3.1 Dodging
 + Level 0.3 Stealth
 * Level 4.4 Unarmed Combat


You had 3 spell levels left.
You didn't know any spells.
Your spell library was empty.

Dungeon Overview and Level Annotations

Branches:
Dungeon (3/15)

Altars:

Annotations:
D:3 Sigmund


Innate Abilities, Weirdness & Mutations

You are too large for most types of armour.
You have claws for hands.
Your natural rate of healing is unusually fast.
You are covered in fur. (AC +1)
You have tough skin. (AC +1)


Message History

You bump into the rock wall.
The kobold hits you with a +0 dagger.
You miss something. Something hits you. The kobold hits you with a +0 dagger.
You completely miss something.
A hobgoblin comes into view.
The kobold hits you with a +0 dagger.
You hear some strange, mumbled words.
You are more confused.
You barely miss something.
The hobgoblin shouts!
You hear a shout!
The ball python bites you. The kobold closely misses you.
You completely miss something. The ball python bites you. Something hits you.
You miss something.
The ball python bites you but does no damage.
The kobold misses you. Something hits you! The ball python closely misses you.
You barely miss the kobold. The kobold hits you with a +0 dagger.
The ball python closely misses you.
Okay, then.
You're too confused to move!
The kobold hits you but does no damage. Something hits you.
A hobgoblin comes into view.
The ball python bites you.
You bump into the rock wall.
The kobold hits you but does no damage. The ball python bites you.
Something hits you.
It was a potion of cancellation.
Your magical effects are unravelling.
You feel magically purged.
You feel less confused. The kobold barely misses you.
The ball python barely misses you.
A red film seems to cover your vision as you go berserk!
You feel yourself moving faster!
You feel mighty! The ball python bites you.
The kobold hits you but does no damage. Something hits you!
* * * LOW HITPOINT WARNING * * *
The hobgoblin hits you.
* * * LOW HITPOINT WARNING * * *
You miss something.
The ball python bites you but does no damage.
The kobold closely misses you. The hobgoblin hits you.
* * * LOW HITPOINT WARNING * * *
You closely miss something. The ball python misses you. Something hits you!
You die...

...##. .. ##...... S
......# .# #
#..#.####.# ..
#.#......##...
#[.....#......
#...gS{g.....
#....@Ko.....
#..######.... #...# .
####### #...#####.
#.....##.# #.........
.......#.###.##...###
..)......##..>....#
.........#...##.....
...........)....#.###


You could see an orc, 2 hobgoblins, a ball python and a kobold.

Vanquished Creatures
  Jessica (D:3)
  Terence (D:3)
  An adder (D:2)
  3 worms (D:2)
  2 dart slugs (D:2)
  3 endoplasms (D:1)
  10 goblins
  10 hobgoblins
  4 kobolds
  3 ball pythons
  6 bats
  2 frilled lizards (D:1)
  2 rats (D:1)
48 creatures vanquished.

Notes
Turn   | Place    | Note
-------+----------+-------------------------------------------
     0 | D:1      | sanboga the Troll Berserker began the quest for the Orb.
     0 | D:1      | Reached XP level 1. HP: 22/22 MP: 0/0
    78 | D:1      | Found a faded altar of an unknown god.
   162 | D:1      | Reached XP level 2. HP: 27/29 MP: 1/1
   239 | D:1      | Reached ** piety under Trog
   322 | D:1      | Reached XP level 3. HP: 36/36 MP: 2/2
   806 | D:2      | Reached skill level 4 in Unarmed Combat
  1264 | D:3      | Reached XP level 4. HP: 44/44 MP: 3/3
  1272 | D:3      | Noticed Jessica
  1279 | D:3      | Killed Jessica
  1289 | D:3      | Noticed Terence
  1297 | D:3      | Killed Terence
  1307 | D:3      | Noticed Sigmund
  1324 | D:3      | Slain by Sigmund

Illustrated notes

Levels and vault maps discovered:
D:1:      dpeg_arrival_simpleton_c, layout_rooms, ebering_ecumenical_altar_rust
D:2:      minmay_general_purpose_star, layout_basic
D:3:      layout_rooms, mainiacjoe_overflow_chevrons,
          chequers_serial_rivers_small_a, minmay_ogre_servants, uniq_robin,
          uniq_jessica, uniq_terence, uniq_sigmund

Skill      XL: |  1  2  3  4 |
---------------+-------------+-----
Unarmed Combat | 4 |  4.4
Dodging        | 3 |  3.1
Fighting       | 3 |  3.0
Stealth        | |  0.3

Action                   |  1- 3 |  4- 6 || total
-------------------------+-------+-------++-------
Melee: Unarmed           |   103 |    21 ||   124
Invok: Berserk           |       |     1 ||     1
  Use: Potion            |       |     1 ||     1
Armor: Animal skin       |    44 |    10 ||    54
Dodge: Dodged            |    57 |    14 ||    71
